 Dungeon Crawl Stone Soup version 0.32-a0-986-ga09f62fbf4 (webtiles) character file.

Game seed: 4022567476421383332

59 TacoSundae the Cudgeller (level 3, 0/31 HPs)
             Began as a Mountain Dwarf Fighter on Apr 21, 2024.
             Slain by a gnoll
             ... wielding a +2 antimagic whip
              (3 damage)
             ... on level 2 of the Dungeon.
             The game lasted 00:02:10 (1257 turns).

TacoSundae the Cudgeller (Mountain Dwarf Fighter)   Turns: 1257, Time: 00:02:11

Health: 0/31       AC:  6    Str: 20    XL:     3   Next: 78%
Magic:  1/3        EV:  8    Int:  8    God:
Gold:   78         SH:  4    Dex:  9    Spells: 2/2 levels left

rFire   . . .        a - +0 flail
rCold   . . .        c - +0 buckler
rNeg    . . .        b - +0 scale mail
rPois   .            (no helmet)
rElec   .            (no cloak)
rCorr   .            (no gloves)
SInv    .            (no boots)
Will    .....        (no amulet) Stlth
                     (no ring)
HPRegen 0.25/turn    (no ring)
MPRegen 0.08/turn

%: no passive effects
@: no status effects
A: runic magic, artefact enchanting
a: no special abilities


You were on level 2 of the Dungeon.
You visited 1 branch of the dungeon, and saw 2 of its levels.

You collected 78 gold pieces.

Inventory:

Hand Weapons
 a - a +0 flail (weapon)
Missiles
 o - 3 poisoned darts (quivered)
Armour
 b - a +0 scale mail (worn)
 c - a +0 buckler (worn)
 l - a +0 plate armour
Wands
 k - a wand of flame (8)
Scrolls
 g - a scroll of teleportation {unknown}
 h - a scroll of butterflies {unknown}
 i - a scroll of identify {unknown}
 n - a scroll of poison {unknown}
 q - a scroll of blinking {unknown}
Potions
 d - 2 potions of might
 e - a potion of cancellation {unknown}
 f - 3 potions of haste {unknown}
 j - 2 potions of brilliance {unknown}
 m - a potion of invisibility {unknown}
 p - a potion of attraction {unknown}


   Skills:
 - Level 3.2 Fighting
 + Level 5.1 Maces & Flails
 - Level 3.2 Armour
 - Level 3.2 Shields


You had 2 spell levels left.
You didn't know any spells.
Your spell library was empty.

Dungeon Overview and Level Annotations

Branches:
Dungeon (2/15)

Altars:


Innate Abilities, Weirdness & Mutations

Your spellcasting is much less encumbered by armour.
You can use scrolls of enchantment on lesser artefacts.


Message History

A gnoll comes into view. It is wielding a +0 spear.
Found 15 gold pieces.
The gnoll shouts!
A gnoll comes into view.
It is wielding a +2 antimagic whip and quivering 2 throwing nets.
There is a stone staircase leading up here.
The gnoll hits you from afar with a +0 spear.
There is a stone staircase leading up here.
A gnoll comes into view. It is wielding a +0 flail.
The gnoll barely misses you.
A gnoll comes into view. It is wielding a +0 flail.
The gnoll barely misses you.
The gnoll throws a throwing net.
The throwing net hits you.
You become entangled in the net!
You see here a throwing net.
You tear a large gash into the net.
The gnoll shouts!
The gnoll barely misses you.
You struggle against the net.
The gnoll hits you from afar with a +0 spear.
The gnoll hits you but does no damage.
You rip the net and break free!
The gnoll hits you but does no damage.
The gnoll hits you with a +2 antimagic whip.
The gnoll throws a throwing net.
The throwing net hits you.
You become entangled in the net!
You see here a throwing net.
You struggle against the net.
The gnoll hits you but does no damage.
You struggle against the net.
The gnoll hits you from afar with a +0 spear.
The gnoll hits you with a +2 antimagic whip.
You feel your power leaking away.
You struggle against the net.
The gnoll hits you but does no damage.
You rip the net and break free!
The gnoll hits you from afar with a +0 spear.
The gnoll hits you but does no damage.
The gnoll hits you with a +2 antimagic whip.
* * * LOW HITPOINT WARNING * * *
You feel your power leaking away. The gnoll attacks as it pursues you!
The gnoll hits you with a +0 flail.
* * * LOW HITPOINT WARNING * * *
The gnoll hits you with a +2 antimagic whip.
You die...

##.#####.........................
##......######.P...P...P.........
#######.# #..♣♣♣..P♣♣♣...♣♣♣.. #
#.# #..♣ ♣P.P♣ ♣...♣ ♣.. # #.#
###..♣♣♣..P♣♣♣.g.♣♣♣.. # #.#
#.........P.......PP.. #.#
#.#........g.........g #.#
#.#.#####.###.#.######
#######.####.#.#@ggg<............
................#g.....##########
################.####### ###


You could see 4 gnolls.

Vanquished Creatures
  An adder (D:2)
  A dart slug (D:1)
  A ribbon worm (D:2)
  4 ball pythons
  7 bats
  6 endoplasms
  A giant cockroach (D:1)
  A hobgoblin (D:1)
  4 jackals (D:1)
  3 quokkas (D:1)
  7 goblins
  5 kobolds
  2 rats
43 creatures vanquished.

Notes
Turn   | Place    | Note
-------+----------+-------------------------------------------
     0 | D:1      | TacoSundae the Mountain Dwarf Fighter began the quest for
                  | the Orb.
     0 | D:1      | Reached XP level 1. HP: 19/19 MP: 1/1
    35 | D:1      | Reached skill level 3 in Maces & Flails
    78 | D:1      | Reached XP level 2. HP: 26/26 MP: 2/2
   177 | D:1      | Reached skill level 4 in Maces & Flails
   319 | D:1      | Reached XP level 3. HP: 31/31 MP: 3/3
   852 | D:2      | Reached skill level 5 in Maces & Flails
  1257 | D:2      | Slain by a gnoll

Illustrated notes

Levels and vault maps discovered:
D:1:      dpeg_arrival_radiant, layout_basic, minmay_tall_x
D:2:      layout_loops_ring, st_stairs_12, minmay_misc_feat_secret_circle,
          kennysheep_boxes

Skill      XL: |  1  2  3 |
---------------+----------+-----
Maces & Flails | 3 4 5 |  5.1
Fighting       | |  3.2
Armour         | |  3.2
Shields        | |  3.2

Action                     || total
---------------------------++-------
  Melee: Flail             ||    98
 Armour: Scale mail        ||    81
  Dodge: Dodged            ||    37
  Block: Buckler           ||    17

Table legend: (Time is in decaauts)
 A = Elapsed time spent in this place.
 B = Non-inter-level travel time spent in this place.
 C = Inter-level travel time spent in this place.
 D = Time resting spent in this place.
 E = Time spent auto-exploring this place.
 F = Levels seen in this place.
 G = Mean time per level.
                   A        B        C        D        E       F      G
               +--------+--------+--------+--------+--------+-----+--------+
         Total |   1281 |   1254 |     27 |      0 |    901 |   2 |  640.5 |
       Dungeon |   1281 |   1254 |     27 |      0 |    901 |   2 |  640.5 |
               +--------+--------+--------+--------+--------+-----+--------+

Top non-repeatable levels by time:
     D:1: 664 daAuts
     D:2: 617 daAuts
